 Dungeon Crawl Stone Soup version 0.21.1-1-g345015f (webtiles) character file.

15045 empire the Carver (level 11, -5/85 HPs)
             Began as a Minotaur Fighter on July 4, 2018.
             Was the Champion of Cheibriados.
             Slain by a lindwurm (19 damage)
             ... summoned by Kirke
             ... on level 12 of the Dungeon.
             The game lasted 00:25:57 (10804 turns).

empire the Carver (Minotaur Fighter)               Turns: 10804, Time: 00:25:58

Health: -5/85      AC:  0    Str: 43    XL:     11   Next: 96%
Magic:  16/16      EV: 32    Int: 20    God:    Cheibriados [******]
Gold:   520        SH:  0    Dex: 31    Spells: 12/18 levels left

rFire    . . .     SeeInvis .   (weapon currently unavailable)
rCold    . . .     Gourm    .   (shield currently unavailable)
rNeg     . . .     Faith    .   (armour currently unavailable)
rPois    .         Spirit   .   (helmet currently unavailable)
rElec    .         Reflect  .   (cloak currently unavailable)
rCorr    .         Harm     .   (gloves currently unavailable)
MR       .....                  (boots currently unavailable)
Stlth    +++.......             (no amulet)
HPRegen  0.24/turn              (ring currently unavailable)
MPRegen  0.15/turn              (ring currently unavailable)

@: mighty, agile, about to teleport, pig-form, slowed, very slow
A: small, (retaliatory headbutt)
a: Bend Time, Temporal Distortion, Slouch, Step From Time, Renounce Religion


You were on level 12 of the Dungeon.
You worshipped Cheibriados.
Cheibriados was exalted by your worship.
You were not hungry.
You were a filthy swine.
You visited 2 branches of the dungeon, and saw 13 of its levels.

You collected 520 gold pieces.

Inventory:

Hand Weapons
 a - a +1 long sword (melded)
 m - a +3 mace of freezing
 p - a cursed +3 battleaxe
 q - a +4 morningstar
 G - a +3 whip
Armour
 A - a cursed -1 chain mail
 V - a +1 cloak (melded)
 W - a +1 pair of boots (melded)
 X - a +0 shield (melded)
 Y - a +0 pair of gloves (melded)
 Z - a +0 plate armour (melded)
Jewellery
 l - an uncursed amulet of harm
 D - a cursed ring of loudness {unknown}
Wands
 b - a wand of polymorph (18)
 k - a wand of flame (18)
 o - a wand of enslavement (7)
 w - a wand of acid (29)
 y - a wand of iceblast (23)
 H - a wand of clouds (6)
 N - a wand of disintegration (9)
Scrolls
 c - 10 scrolls of identify
 g - 3 scrolls of teleportation
 i - 2 scrolls of immolation
 j - a scroll of brand weapon {unknown}
 s - 2 scrolls of magic mapping
 x - 4 scrolls of remove curse
 E - a scroll of silence {unknown}
 F - a scroll of holy word {unknown}
 J - a scroll of random uselessness {unknown}
Potions
 e - 4 potions of agility
 t - 2 potions of mutation {unknown}
 u - 5 potions of flight
 v - 2 potions of lignification {unknown}
 C - 3 potions of ambrosia
Books
 h - a book of Debilitation

   Spells                             Type                      Level
   a - Corona                         Hexes                        1
   b - Slow                           Hexes                        2
   c - Inner Flame                    Hexes/Fire                   3
   d - Portal Projectile              Hexes/Translocation          3
   e - Cause Fear                     Hexes                        4
   f - Leda's Liquefaction            Hexes/Earth                  4
 n - a book of Conjurations

   Spells                             Type                      Level
   a - Magic Dart                     Conjuration                  1
   b - Searing Ray                    Conjuration                  2
   c - Dazzling Spray                 Conjuration/Hexes            3
   d - Fulminant Prism                Conjuration/Hexes            4
   e - Force Lance                    Conjuration/Translocation    4
   f - Iskenderun's Mystic Blast      Conjuration                  4
 z - a book of Enchantments

   Spells                             Type                      Level
   a - Cause Fear                     Hexes                        4
   b - Yara's Violent Unravelling     Hexes/Transmutation          5
   c - Silence                        Hexes/Air                    5
   d - Deflect Missiles               Charms/Air                   6
   e - Discord                        Hexes                        8
 B - a book of Necromancy

   Spells                             Type                      Level
   a - Pain                           Necromancy                   1
   b - Animate Skeleton               Necromancy                   1
   c - Vampiric Draining              Necromancy                   3
   d - Regeneration                   Charms/Necromancy            3
   e - Animate Dead                   Necromancy                   4
   f - Borgnjor's Vile Clutch         Necromancy/Earth             5
 I - a book of Callings

   Spells                             Type                      Level
   a - Summon Small Mammal            Summoning                    1
   b - Call Imp                       Summoning                    2
   c - Call Canine Familiar           Summoning                    3
   d - Summon Guardian Golem          Hexes/Summoning              3
   e - Summon Lightning Spire         Summoning/Air                4
   f - Summon Ice Beast               Ice/Summoning                4
Comestibles
 f - 19 rations
 K - 13 chunks of flesh


   Skills:
 + Level 4.7 Fighting
 - Level 11.1 Long Blades
 - Level 10.0 Armour
 * Level 9.7 Dodging
 - Level 4.0 Shields
 - Level 4.0 Spellcasting
 - Level 7.4 Invocations
 - Level 7.0 Evocations


You had 12 spell levels left.
You knew the following spells:

 Your Spells              Type           Power        Failure   Level  Hunger
a - Ozocubu's Armour      Chrm/Ice       #.......     36%         3    ###....
b - Regeneration          Chrm/Necr      #.........   36%         3    ###....


Dungeon Overview and Level Annotations

Branches:
Dungeon (12/15)            Temple (1/1) D:5            Lair (0/6) D:8
    Orc: D:9-12

Altars:
Ashenzari
Cheibriados
Dithmenos
Elyvilon
Fedhas
Gozag
Hepliaklqana
Kikubaaqudgha
Makhleb
Nemelex Xobeh
Okawaru
Qazlal
Ru
Sif Muna
Trog
Uskayaw
Vehumet
Wu Jian
Xom
Yredelemnul
Zin
The Shining One

Annotations:
D:12 Kirke


Innate Abilities, Weirdness & Mutations

((You reflexively headbutt those who attack you in melee.))
((You have a pair of horns on your head.))


Message History

The lindwurm breathes flames at you. The blast of flame hits you!
* * * LOW HITPOINT WARNING * * *
The hog completely misses you. Something hits you!
* * * LOW HITPOINT WARNING * * *
The hog completely misses you.
A hog comes into view.
You feel better. The hog completely misses you.
The lindwurm completely misses you. The lindwurm closely misses you. x2
The hog misses you.
You hear some strange, mumbled words.
Something summons a manticore!
The hog misses you. The lindwurm closely misses you. The lindwurm claws you.
* * * LOW HITPOINT WARNING * * *
The lindwurm closely misses you. The hog completely misses you.
As you read the scroll of teleportation, it crumbles to dust.
You feel strangely unstable. The hog completely misses you.
Something completely misses you. The hog completely misses you.
The lindwurm bites you!!
You die...

#..# .##..# ....#
....# ..H# #h.# .#
#...##.h# .####. #..
#...##hh# ..... . #..
#...##(k##.>... .. #..
#...##......# ...##..
#...##......# .......
#...##(.....#
.......###...##......#
..(.......<..##../...#
##................#
#..(....##.......#


You could see a manticore, a lindwurm and 3 hogs.

Vanquished Creatures
  Erolcha (D:11)
  3 two-headed ogres
  A manticore (D:11)
  Maurice (D:8)
  A cyclops (D:11)
  Joseph (D:7)
  A troll (D:11)
  A queen bee (D:9)
  5 slime creatures (D:11)
  A hippogriff (D:6)
  20 yaks
  3 wraiths (D:12)
  2 wyverns
  3 hogs (D:12)
  Menkaure (D:5)
  A hungry ghost (D:7)
  Duvessa (D:7)
  An ice beast (D:7)
  2 sky beasts
  A black bear (D:8)
  3 orc warriors
  A phantom (D:10)
  5 centaurs
  10 ogres
  Blork the orc (D:5)
  2 big kobolds
  4 bullfrogs
  Dowan (D:7)
  15 killer bees (D:9)
  A wyvern skeleton (D:10)
  7 wights (D:7)
  3 howler monkeys
  9 crimson imps
  2 bullfrog zombies
  A quasit (D:11)
  A centaur zombie (D:5)
  A bullfrog skeleton (D:8)
  A jelly (D:7)
  Crazy Yiuf (D:5)
  3 hounds
  3 orc wizards
  A centaur skeleton (D:9)
  4 orc priests
  5 iguanas
  8 worker ants
  3 worker ant zombies
  7 adders
  A shadow imp (D:10)
  3 oozes
  An adder zombie (D:9)
  An adder skeleton (D:4)
  3 worms
  3 dart slugs
  4 leopard geckos
  35 orcs
  9 giant cockroaches
  9 goblins
  7 hobgoblins
  2 jackals (D:5)
  9 quokkas
  3 ball pythons
  11 bats
  6 frilled lizards
  22 kobolds
  A quokka skeleton (D:4)
  9 rats
293 creatures vanquished.

Notes
Turn   | Place    | Note
-------+----------+-------------------------------------------
     0 | D:1      | empire the Minotaur Fighter began the quest for the Orb.
     0 | D:1      | Reached XP level 1. HP: 19/19 MP: 0/0
    36 | D:1      | Reached skill level 3 in Long Blades
    69 | D:1      | Reached XP level 2. HP: 9/26 MP: 1/1
   276 | D:1      | Reached skill level 4 in Long Blades
   636 | D:1      | Reached XP level 3. HP: 24/31 MP: 2/2
  1168 | D:2      | Found a snail-covered altar of Cheibriados.
  1197 | D:2      | Became a worshipper of Cheibriados the Contemplative
  1492 | D:2      | Found a sacrificial altar of Ru.
  1529 | D:2      | Reached XP level 4. HP: 15/40 MP: 3/3
  2189 | D:2      | Reached skill level 5 in Long Blades
  2272 | D:3      | Reached * piety under Cheibriados
  2519 | D:3      | Reached XP level 5. HP: 46/46 MP: 4/4
  2992 | D:4      | Reached skill level 6 in Long Blades
  3029 | D:4      | Found a shadowy altar of Dithmenos.
  3077 | D:4      | Reached ** piety under Cheibriados
  3311 | D:5      | Entered Level 5 of the Dungeon
  3345 | D:5      | Reached skill level 7 in Long Blades
  3384 | D:5      | Found a staircase to the Ecumenical Temple.
  3404 | Temple   | Entered the Ecumenical Temple
  3596 | D:5      | Reached XP level 6. HP: 30/52 MP: 5/5
  3906 | D:5      | Noticed Blork the orc
  3913 | D:5      | Killed Blork the orc
  3913 | D:5      | Reached skill level 8 in Long Blades
  3918 | D:5      | Found a hazy altar of Hepliaklqana.
  4008 | D:5      | Reached XP level 7. HP: 56/59 MP: 6/6
  4041 | D:5      | Reached skill level 9 in Long Blades
  4050 | D:5      | Noticed Menkaure
  4056 | D:5      | Killed Menkaure
  4056 | D:5      | Reached *** piety under Cheibriados
  4152 | D:5      | Found a runed door.
  4660 | D:5      | Noticed Crazy Yiuf
  4670 | D:5      | Killed Crazy Yiuf
  4670 | D:5      | Reached skill level 10 in Long Blades
  4968 | D:6      | Noticed a hippogriff
  4980 | D:6      | Killed a hippogriff
  4980 | D:6      | Reached XP level 8. HP: 49/66 MP: 7/7
  5020 | D:6      | Got a steaming long sword
  5021 | D:6      | Identified the +3 long sword of Mastery {speed, rC+ MP+9} (You found it on level 6 of the Dungeon)
  5030 | D:6      | Reached skill level 11 in Long Blades
  5305 | D:7      | Reached skill level 1 in Invocations
  5305 | D:7      | Reached skill level 1 in Evocations
  5418 | D:7      | Found a basalt altar of Yredelemnul.
  5432 | D:7      | Reached **** piety under Cheibriados
  5455 | D:6      | Found a sacrificial altar of Ru.
  5552 | D:7      | Noticed Dowan
  5553 | D:7      | Noticed Duvessa
  5565 | D:7      | Killed Duvessa
  5572 | D:7      | Killed Dowan
  5781 | D:7      | Reached XP level 9. HP: 69/71 MP: 11/11
  5874 | D:8      | Reached skill level 5 in Invocations
  5904 | D:8      | Reached skill level 5 in Evocations
  6077 | D:8      | Learned a level 3 spell: Ozocubu's Armour
  6120 | D:8      | Noticed a two-headed ogre
  6127 | D:8      | Killed a two-headed ogre
  6127 | D:8      | Reached ***** piety under Cheibriados
  6130 | D:8      | Found a burning altar of Makhleb.
  6130 | D:8      | Found a radiant altar of Vehumet.
  6160 | D:8      | Found a staircase to the Lair.
  6378 | D:8      | Noticed Maurice
  6587 | D:8      | Killed Maurice
  6587 | D:8      | Reached skill level 1 in Spellcasting
  6587 | D:8      | Reached XP level 10. HP: 78/78 MP: 14/14
  7303 | D:7      | Noticed Joseph
  7330 | D:7      | Killed Joseph
  7592 | D:9      | HP: 1/78 [yak (10)]
  7609 | D:9      | Reached skill level 1 in Dodging
  7914 | D:9      | Reached skill level 5 in Dodging
  8629 | D:10     | Entered Level 10 of the Dungeon
  8664 | D:10     | Reached XP level 11. HP: 80/84 MP: 16/16
  8803 | D:10     | Reached ****** piety under Cheibriados
  9467 | D:10     | Reached skill level 5 in Armour
  9720 | D:11     | Noticed Erolcha
  9726 | D:11     | Killed Erolcha
  9727 | D:11     | Noticed a two-headed ogre
  9735 | D:11     | Killed a two-headed ogre
  9842 | D:11     | Noticed a two-headed ogre
  9854 | D:11     | Killed a two-headed ogre
 10728 | D:11     | Reached skill level 10 in Armour
 10741 | D:11     | Learned a level 3 spell: Regeneration
 10793 | D:12     | Noticed Kirke
 10801 | D:12     | Noticed a lindwurm
 10804 | D:12     | Slain by a lindwurm

Skill      XL: |  1  2  3  4  5  6  7  8  9 10 11 |
---------------+----------------------------------+-----
Long Blades    | 3 4 5 7 8 10 11 | 11.1
Armour         | 4 10 | 10.0
Shields        | 4 |  4.0
Fighting       | 4 |  4.7
Invocations    | 4 7 |  7.4
Evocations     | 4 7 |  7.0
Spellcasting   | 1 4 |  4.0
Dodging        | 7 9 |  9.7

Action                   |  1- 3 |  4- 6 |  7- 9 | 10-12 || total
-------------------------+-------+-------+-------+-------++-------
Melee: Long sword        |   129 |   147 |   210 |   351 ||   837
       Headbutt          |     9 |    38 |    70 |   154 ||   271
Evoke: Wand              |       |       |       |     3 ||     3
  Use: Scroll            |       |       |    23 |     3 ||    26
       Potion            |       |       |     1 |    10 ||    11
  Eat: Chunk             |     2 |     6 |     3 |     8 ||    19
       Ration            |       |       |     1 |       ||     1
Armor: Scale mail        |    54 |       |       |       ||    54
       Chain mail        |    23 |    74 |    88 |       ||   185
       Plate armour      |       |       |     4 |   152 ||   156
Dodge: Dodged            |    33 |    38 |    32 |   171 ||   274
Block: Shield            |    72 |    80 |   116 |   287 ||   555
       Rpst.: Long sword |     9 |    17 |    10 |    43 ||    79
